 Dungeon Crawl Stone Soup version 0.21.1-1-g345015f (webtiles) character file.

25480 xccam the Bludgeoner (level 12, -1/156 HPs)
             Began as a Minotaur Berserker on Feb 13, 2018.
             Was a High Priest of Trog.
             Slain by a wyvern (11 damage)
             ... on level 2 of the Lair of Beasts.
             The game lasted 00:32:34 (12673 turns).

xccam the Bludgeoner (Minotaur Berserker)          Turns: 12673, Time: 00:32:35

Health: -1/156     AC: 22    Str: 31    XL:     12   Next: 89%
Magic:  11/11      EV: 13    Int:  7    God:    Trog [*****.]
Gold:   827        SH:  0    Dex: 14    Spells: 11/11 levels left

rFire    + + +     SeeInvis +   K - +1 great mace of Untoliuwn {vamp, rF+ MR+ Dex+4}
rCold    + . .     Gourm    .   (shield currently unavailable)
rNeg     . . .     Faith    .   H - +2 plate armour {rF+}
rPois    .         Spirit   .   (helmet restricted)
rElec    .         Reflect  .   t - +0 cloak
rCorr    .         Harm     .   v - +1 pair of gloves
MR       +++..                  u - +0 pair of boots
Stlth    ..........             k - amulet of regeneration
HPRegen  1.76/turn              p - ring of protection from cold
MPRegen  0.12/turn              x - ring of see invisible

@: mighty, berserking, lethally poisoned (-1 -> -2), regenerating, very quick
A: retaliatory headbutt, horns 2, clever 1, fire resistance 1
a: Berserk, Trog's Hand, Brothers in Arms, Burn Spellbooks, Renounce Religion


You were on level 2 of the Lair of Beasts.
You worshipped Trog.
Trog was extremely pleased with you.
You were near starving.

You visited 2 branches of the dungeon, and saw 14 of its levels.

You collected 827 gold pieces.

Inventory:

Hand Weapons
 o - a +3 mace
 I - a +1 morningstar of draining
 K - the +1 great mace of Untoliuwn (weapon) {vamp, rF+ MR+ Dex+4}
   (Trog gifted it to you on level 1 of the Lair of Beasts)

   It inflicts no extra harm, but heals its wielder when it wounds a living foe.
   It affects your dexterity (+4).
   It protects you from fire.
   It affects your resistance to hostile enchantments.
Armour
 e - a +0 plate armour
 r - a +0 shield
 t - a +0 cloak (worn)
 u - a +0 pair of boots (worn)
 v - a +1 pair of gloves (worn)
 y - the +3 ring mail "Moampiux" {+Inv Slay+5}
   (You found it on level 7 of the Dungeon)

   It affects your accuracy and damage with ranged weapons and melee attacks
   (+5).
   It lets you turn invisible.
 D - a +0 large shield
 H - a +2 plate armour of fire resistance (worn)
Jewellery
 k - an amulet of regeneration (around neck)
 p - a ring of protection from cold (left hand)
 s - an uncursed ring of resist corrosion
 w - an uncursed ring of ice
 x - a ring of see invisible (right hand)
 M - an uncursed ring of protection from magic {unknown}
Wands
 b - a wand of flame (41)
 q - a wand of random effects (53)
 B - a wand of iceblast (14)
 E - a wand of polymorph (25)
 J - a wand of enslavement (12)
 L - a wand of disintegration (13)
Scrolls
 d - a scroll of enchant weapon
 f - 3 scrolls of blinking
 i - 3 scrolls of fog
 j - 5 scrolls of magic mapping
 l - 10 scrolls of remove curse
 n - 7 scrolls of teleportation
 z - 2 scrolls of identify
Potions
 a - a potion of cancellation
 g - 3 potions of might
 h - 2 potions of lignification
 m - a potion of curing
 A - 3 potions of berserk rage
 C - a potion of ambrosia
 F - a potion of haste
 G - 2 potions of flight
Comestibles
 c - 14 rations


   Skills:
 - Level 9.0 Fighting
 + Level 16.6 Maces & Flails
 - Level 11.3 Armour
 - Level 8.4 Dodging
 - Level 11.0 Shields


You had 11 spell levels left.
You didn't know any spells.

Dungeon Overview and Level Annotations

Branches:
Dungeon (12/15)            Temple (0/1) D:5            Lair (2/6) D:9
  Snake (0/4) Lair:2          Orc (0/2) D:9
  Swamp: Lair:2-4    Shoals: Lair:2-4

Altars:
Dithmenos
Gozag
Hepliaklqana
Nemelex Xobeh
Vehumet
Zin
The Shining One

Annotations:
D:12 exclusion: obsidian statue


Innate Abilities, Weirdness & Mutations

You reflexively headbutt those who attack you in melee.
You have a pair of horns on your head.
Your mind is acute. (Int +2)
Your flesh is heat resistant. (rF+)


Message History

You feel sick.
The killer bee stings you but does no damage.
The wyvern bites you.
* * * LOW HITPOINT WARNING * * *
The killer bee barely misses you.
Your ogre barely misses the killer bee.
The killer bee barely misses you.
The wyvern bites you but does no damage. x2
The spiny frog barely misses you. You furiously retaliate!
You headbutt the spiny frog! The killer bee stings you.
* * * LOW HITPOINT WARNING * * *
You completely miss the killer bee. Your headbutt misses the killer bee.
The killer bee is severely wounded.
You feel sick. The killer bee stings you.
* * * LOW HITPOINT WARNING * * *
You are more poisoned.
The killer bee poisons you!
Your ogre misses the killer bee.
The wyvern bites you but does no damage.
The killer bee stings you but does no damage.
The wyvern bites you!
You die...

.....................
..
.....................
.....⌠.#.#............
.......#..###........
#.###.....# ###....
#.....#...#### #...
#.O...y.....# ##
#..y##†#..#..#
##.#@y#..y# Yr(#
#.Fll#....# #..
##.y#D#l#..Y# y
#..#.#.#y##S
#.#.#.#.#. #. . .#..
#. # #### .P


You could see a spiny frog, a steam dragon, 2 wyverns, 3 killer bees and a
friendly ogre (berserk).

Vanquished Creatures
  The ghost of zhorgal the Grappler, a journeyman TrWr of Okawaru (D:10)
  3 hydras
  A two-headed ogre (D:11)
  Nergalle (D:12)
  An unseen horror (D:11)
  2 ugly things
  A black mamba (Lair:2)
  A gargoyle (D:9)
  2 molten gargoyles (D:12)
  3 spiny frogs (Lair:1)
  A centaur skeleton (D:10)
  A kobold demonologist (D:11)
  3 komodo dragons
  3 trolls
  The ghost of Autsider the Ruffian, an amateur DrTm (D:4)
  4 slime creatures (D:12)
  Grinder (D:3)
  2 meliai zombies
  A shadow (D:11)
  4 hippogriffs
  2 wyverns
  A wraith (D:10)
  A human (D:10)
  11 yaks
  4 hogs (D:10)
  2 hungry ghosts
  A basilisk (Lair:1)
  A steam dragon (D:11)
  Menkaure (D:7)
  A soldier ant (D:10)
  16 water moccasins
  3 sky beasts
  7 orc warriors
  4 ice beasts
  13 ogres
  A necrophage (D:10)
  4 phantoms
  4 wolves (Lair:2)
  8 centaurs
  4 crocodiles
  2 big kobolds
  9 bullfrogs
  2 wyvern skeletons
  3 scorpions
  19 killer bees
  4 wights (D:6)
  3 electric eels (Lair:1)
  5 howler monkeys
  3 centaur zombies
  5 crimson imps
  5 hounds
  2 jellies (D:9)
  A bullfrog zombie (D:9)
  2 gnoll shamans (D:7)
  7 orc priests
  3 bullfrog skeletons
  6 iguanas
  Crazy Yiuf (D:6)
  Natasha (thrice) (D:4)
  8 orc wizards
  7 worker ants
  2 hound skeletons
  Robin (D:2)
  A worker ant zombie (D:5)
  9 gnolls
  23 adders
  3 shadow imps
  2 oozes
  An adder skeleton (D:9)
  2 worms
  5 dart slugs
  6 leopard geckos
  33 orcs
  5 giant cockroaches
  7 goblins
  12 hobgoblins
  11 jackals
  11 kobolds
  9 quokkas
  4 ball pythons
  9 bats
  3 frilled lizards
  A jackal zombie (D:5)
  A leopard gecko zombie (D:8)
  9 rats
396 creatures vanquished.

Vanquished Creatures (collateral kills)
  A yak (Lair:2)
  A water moccasin (Lair:2)
2 creatures vanquished.

Vanquished Creatures (others)
  2 fungi (D:7)
  4 plants
6 creatures vanquished.

Grand Total: 404 creatures vanquished

Notes
Turn   | Place    | Note
-------+----------+-------------------------------------------
     0 | D:1      | xccam the Minotaur Berserker began the quest for the Orb.
     0 | D:1      | Reached XP level 1. HP: 19/19 MP: 0/0
    20 | D:1      | Reached skill level 4 in Maces & Flails
    24 | D:1      | Reached XP level 2. HP: 13/26 MP: 1/1
   424 | D:1      | Reached skill level 5 in Maces & Flails
   428 | D:1      | Reached XP level 3. HP: 17/31 MP: 2/2
   442 | D:1      | Reached ** piety under Trog
  1296 | D:2      | Noticed Robin
  1307 | D:2      | Killed Robin
  1313 | D:2      | Reached XP level 4. HP: 32/39 MP: 3/3
  1314 | D:2      | Reached skill level 6 in Maces & Flails
  1684 | D:3      | Noticed Grinder
  1690 | D:3      | Paralysed by Grinder for 4 turns
  1700 | D:3      | Killed Grinder
  1700 | D:3      | Reached skill level 8 in Maces & Flails
  1700 | D:3      | Reached XP level 5. HP: 40/45 MP: 4/4
  1700 | D:3      | Reached XP level 6. HP: 45/51 MP: 5/5
  1760 | D:3      | Found a hazy altar of Hepliaklqana.
  2621 | D:4      | Found a radiant altar of Vehumet.
  2730 | D:4      | Reached skill level 9 in Maces & Flails
  2851 | D:4      | Noticed Autsider's ghost (amateur DrTm)
  2870 | D:4      | Killed Autsider's ghost
  2870 | D:4      | Reached skill level 10 in Maces & Flails
  2870 | D:4      | Reached XP level 7. HP: 43/57 MP: 6/6
  2922 | D:4      | Noticed Natasha
  2929 | D:4      | Killed Natasha
  3430 | D:4      | Noticed Natasha
  3435 | D:4      | Killed Natasha
  3435 | D:4      | Reached *** piety under Trog
  3714 | D:5      | Entered Level 5 of the Dungeon
  3764 | D:4      | Noticed Natasha
  3772 | D:4      | Killed Natasha
  3841 | D:5      | Reached skill level 11 in Maces & Flails
  3977 | D:5      | Reached XP level 8. HP: 38/64 MP: 7/7
  4117 | D:5      | Reached skill level 12 in Maces & Flails
  4519 | D:5      | Found a staircase to the Ecumenical Temple.
  4741 | D:5      | Reached skill level 13 in Maces & Flails
  4989 | D:5      | You fall through a shaft for 2 floors!
  5040 | D:7      | Reached XP level 9. HP: 42/70 MP: 8/8
  5067 | D:7      | Found a shadowy altar of Dithmenos.
  5076 | D:6      | Reached skill level 14 in Maces & Flails
  5143 | D:6      | Reached skill level 1 in Shields
  5472 | D:6      | Found a glowing golden altar of the Shining One.
  5731 | D:6      | Reached skill level 5 in Armour
  5821 | D:6      | Found a runed door.
  5825 | D:6      | Noticed Crazy Yiuf
  5832 | D:6      | Killed Crazy Yiuf
  5996 | D:7      | Reached **** piety under Trog
  6005 | D:7      | Reached skill level 5 in Shields
  6159 | D:7      | Found a sparkling altar of Nemelex Xobeh.
  6177 | D:7      | Found a glowing golden altar of the Shining One.
  6232 | D:7      | Noticed Menkaure
  6243 | D:7      | Killed Menkaure
  6770 | D:7      | Reached XP level 10. HP: 43/77 MP: 9/9
  6976 | D:7      | Got a distressingly furry ring mail
  6977 | D:7      | Identified the +3 ring mail "Moampiux" {+Inv Slay+5} (You found it on level 7 of the Dungeon)
  7784 | D:8      | Found a glowing silver altar of Zin.
  8166 | D:9      | Found a staircase to the Orcish Mines.
  8197 | D:9      | Received a gift from Trog
  8274 | D:9      | Found a staircase to the Lair.
  8323 | D:9      | Noticed a gargoyle
  8335 | D:9      | Killed a gargoyle
  8335 | D:9      | Reached skill level 5 in Fighting
  8403 | D:9      | Reached skill level 5 in Dodging
  8849 | D:10     | Entered Level 10 of the Dungeon
  8956 | D:10     | Reached ***** piety under Trog
  9021 | D:10     | Reached XP level 11. HP: 86/89 MP: 10/10
  9344 | D:10     | Noticed zhorgal's ghost (journeyman TrWr)
  9361 | D:10     | Killed zhorgal's ghost
 10051 | D:11     | Noticed a two-headed ogre
 10057 | D:11     | Killed a two-headed ogre
 10057 | D:11     | Reached skill level 10 in Armour
 10078 | D:11     | Noticed a purple ugly thing
 10091 | D:11     | Killed a purple ugly thing
 10136 | D:11     | Gained mutation: You are partially covered in slimy green scales. (AC +2) [potion of mutation]
 10136 | D:11     | Gained mutation: You are partially covered in iridescent scales. (AC +2) [potion of mutation]
 10136 | D:11     | Gained mutation: Your spells are a little harder to cast, but a little more powerful. [potion of mutation]
 10235 | D:11     | Reached skill level 10 in Shields
 10516 | D:11     | Noticed an unseen horror
 10524 | D:11     | Killed an unseen horror
 10759 | D:12     | Noticed a white ugly thing
 10772 | D:12     | Killed a white ugly thing
 10821 | D:12     | Found an opulent altar of Gozag.
 10872 | D:12     | Noticed Nergalle
 10894 | D:12     | Killed Nergalle
 10894 | D:12     | Reached XP level 12. HP: 65/103 MP: 11/11
 11380 | D:12     | Noticed a six-headed hydra
 11389 | D:12     | Killed a six-headed hydra
 11481 | Lair:1   | Entered Level 1 of the Lair of Beasts
 11539 | Lair:1   | Received a gift from Trog
 11540 | Lair:1   | Got a dazzling great mace {god gift}
 11548 | Lair:1   | Identified the +1 great mace of Untoliuwn {vamp, rF+ MR+ Dex+4} (Trog gifted it to you on level 1 of the Lair of Beasts)
 11951 | Lair:1   | Noticed a four-headed hydra
 11957 | Lair:1   | Killed a four-headed hydra
 11957 | Lair:1   | Reached skill level 15 in Maces & Flails
 12423 | Lair:2   | Found a staircase to the Snake Pit.
 12429 | Lair:2   | Lost mutation: Your spells are a little harder to cast, but a little more powerful. [potion of mutation]
 12429 | Lair:2   | Lost mutation: You are partially covered in slimy green scales. (AC +2) [potion of mutation]
 12429 | Lair:2   | Lost mutation: You are partially covered in iridescent scales. (AC +2) [potion of mutation]
 12429 | Lair:2   | Gained mutation: Your flesh is heat resistant. (rF+) [potion of mutation]
 12429 | Lair:2   | Gained mutation: Your mind is acute. (Int +2) [potion of mutation]
 12484 | Lair:2   | Reached skill level 16 in Maces & Flails
 12611 | Lair:2   | Noticed a seven-headed hydra
 12615 | Lair:2   | Killed a seven-headed hydra
 12673 | Lair:2   | Slain by a wyvern

Skill      XL: |  1  2  3  4  5  6  7  8  9 10 11 12 |
---------------+-------------------------------------+-----
Maces & Flails | 4 5 8 10 11 13 14 16 | 16.6
Armour         | 7 9 10 11 | 11.3
Shields        | 6 8 10 11 | 11.0
Dodging        | 5 7 8 |  8.4
Fighting       | 5 8 9 |  9.0

Action                   |  1- 3 |  4- 6 |  7- 9 | 10-12 || total
-------------------------+-------+-------+-------+-------++-------
Melee: Mace              |    89 |    10 |   189 |   530 ||   818
       Headbutt          |    11 |    22 |    62 |   183 ||   278
       Flail             |       |    89 |   206 |       ||   295
       Great mace        |       |       |       |   176 ||   176
       Morningstar       |       |       |       |    18 ||    18
Invok: Berserk           |     2 |     1 |     6 |     5 ||    14
       Trog's Hand       |     1 |     2 |     7 |     6 ||    16
       Burn Spellbooks   |       |       |     1 |     3 ||     4
       Brothers in Arms  |       |       |       |     1 ||     1
  Use: Scroll            |       |    10 |     3 |     7 ||    20
       Potion            |       |       |     8 |     5 ||    13
 Stab: Sleeping          |     2 |       |       |       ||     2
  Eat: Chunk             |     3 |     4 |     9 |    16 ||    32
       Ration            |       |     1 |     5 |     4 ||    10
Armor: Animal skin       |    10 |       |       |       ||    10
       Ring mail         |    10 |    25 |    40 |   127 ||   202
       Plate armour      |       |       |    57 |   184 ||   241
Dodge: Dodged            |    52 |    59 |   108 |   279 ||   498
Block: Shield            |       |       |    83 |    76 ||   159
       Large shield      |       |       |       |   289 ||   289
